 Dungeon Crawl Stone Soup version 0.30-a0-782-ge64f9170bb (webtiles) character file.

Game seed: 14088596495252234733

5646 Crownlay the Grappler (level 10, -5/102 HPs)
             Began as a Troll Fighter on Feb 28, 2023.
             Slain by a sixfirhy (9 damage)
             ... summoned by a kobold demonologist
             ... on level 9 of the Dungeon.
             The game lasted 00:10:43 (7689 turns).

Crownlay the Grappler (Troll Fighter)               Turns: 7689, Time: 00:10:44

Health: -5/102     AC: 10    Str: 26    XL:     10   Next: 46%
Magic:  9/9        EV:  9    Int: 14    God:
Gold:   539        SH:  9    Dex:  9    Spells: 9/9 levels left

rFire   . . .      SeeInvis .      - Unarmed
rCold   . . .      Faith    .    b - +0 kite shield
rNeg    . . .      Spirit   .    p - +2 robe {Will+}
rPois   .          Reflect  .    (helmet restricted)
rElec   .          Harm     .    (no cloak)
rCorr   .          Rampage  .    (gloves unavailable)
Will    +....                    (boots unavailable)
Stlth   +                        (no amulet)
HPRegen 1.17/turn                w - +6 ring of intelligence
MPRegen 0.11/turn                C - +4 ring of protection

@: lethally poisoned (-5 -> -6)
A: large, unfitting armour, claws 3, regeneration 1, shaggy fur 1, tough skin 1
a: no special abilities


You were on level 9 of the Dungeon.
You visited 2 branches of the dungeon, and saw 10 of its levels.
You also visited: Sewer.

You collected 539 gold pieces.

Inventory:

Armour
 b - a +0 kite shield (worn)
 p - a +2 robe of willpower (worn)
Jewellery
 w - a +6 ring of intelligence (left claw)
 y - a ring of flight
 C - a +4 ring of protection (right claw)
 G - a +6 ring of strength
Wands
 a - a wand of mindburst (11)
 z - a wand of flame (24)
 B - a wand of iceblast (15)
 E - a wand of acid (3)
Scrolls
 h - 2 scrolls of immolation
 i - a scroll of noise
 j - 2 scrolls of amnesia
 l - 2 scrolls of fear
 m - 2 scrolls of teleportation
 n - 2 scrolls of poison
 o - a scroll of acquirement {unknown}
 r - 3 scrolls of butterflies
 u - 2 scrolls of enchant weapon
 v - 3 scrolls of blinking
 A - a scroll of vulnerability
Potions
 c - a potion of ambrosia {unknown}
 d - 15 potions of curing {unknown}
 e - 2 potions of heal wounds {unknown}
 f - a potion of cancellation {unknown}
 g - a potion of flight {unknown}
 k - 2 potions of mutation {unknown}
 q - 4 potions of might
 s - a potion of haste
 t - 4 potions of attraction {unknown}
 x - 2 potions of lignification
 D - a potion of resistance {unknown}
 F - a potion of invisibility {unknown}


   Skills:
 + Level 7.0 Fighting
 - Level 2.4 Dodging
 + Level 7.7 Shields
 * Level 11.3 Unarmed Combat


You had 9 spell levels left.
You didn't know any spells.
Your spell library contained the following spells:

 Spells                   Type           Power      Damage    Failure   Level
 Sublimation of Blood     Necr           0%         N/A       65%         2
 Wereblood                Tmut           0%         N/A       65%         2
 Summon Hydra             Summ           0%         N/A       100%        7


Dungeon Overview and Level Annotations

Branches:
Dungeon (9/15)             Temple (1/1) D:5            Lair (0/5) D:8
  Sewer (visited)
    Orc: D:9-12

Altars:
Ashenzari
Cheibriados
Dithmenos
Elyvilon
Fedhas
Gozag
Hepliaklqana
Kikubaaqudgha
Makhleb
Nemelex Xobeh
Qazlal
Ru
Sif Muna
Trog
Uskayaw
Vehumet
Xom
Yredelemnul
The Shining One

Shops:
D:3 :

Annotations:
D:6 exclusion: statue
D:8 1 runed translucent door, gabibbone's ghost, journeyman OpVM


Innate Abilities, Weirdness & Mutations

You are too large for most types of armour.
You have claws for hands.
Your natural rate of healing is unusually fast.
You are covered in fur. (AC +1)
You have tough skin. (AC +1)


Message History

You mangle the kobold brigand!!
You kill the kobold brigand!
The kobold brigand hits you with a +0 whip.
You block the kobold brigand's attack. You block the sixfirhy's attack.
The kobold brigand hits you but does no damage. x2
You miss the sixfirhy. You block the sixfirhy's attack. The sixfirhy hits you.
The sixfirhy shocks you! The sixfirhy hits you. The sixfirhy shocks you!
* * * LOW HITPOINT WARNING * * *
The kobold brigand hits you with a +0 short sword.
* * * LOW HITPOINT WARNING * * *
The kobold brigand hits you but does no damage.
The kobold brigand hits you with a +0 dagger.
* * * LOW HITPOINT WARNING * * *
The kobold brigand hits you but does no damage.
The kobold demonologist casts a cantrip, but nothing happens.
The sixfirhy hits you but does no damage.
You are too injured to fight recklessly!
You are too injured to fight recklessly!
You are too injured to fight recklessly!
You are too injured to fight recklessly!
The kobold brigand attacks as you move away!
You block the kobold brigand's attack.
The kobold brigand completely misses you.
The sixfirhy attacks as you move away! The sixfirhy hits you.
* * * LOW HITPOINT WARNING * * *
The sixfirhy shocks you!
* * * LOW HITPOINT WARNING * * *
The kobold brigand throws a curare-tipped dart.
You block the curare-tipped dart.
The kobold brigand throws a poisoned dart.
The poisoned dart hits you!
You are poisoned.
You feel sick.
The kobold brigand attacks as you move away!
The kobold brigand hits you with a +0 whip.
* * * LOW HITPOINT WARNING * * *
You feel sick. The sixfirhy hits you.
* * * LOW HITPOINT WARNING * * *
The sixfirhy shocks you!
You die...
KKK #KK

###.###### #.)).....#
#####+#### #.)K)K.).#
#........# #..K.KK..#
#.....>..#
+........#####........#
#....K3..##..'........##
#......@.##.##........#.
#.....(..#..##........'.
#........#.###........##
#........'.# ##########
#........### ##########


You could see a sixfirhy (summoned) and 7 kobold brigands.

Vanquished Creatures
  A troll (D:6)
  Sigmund (D:3)
  6 water moccasins
  2 black bears (D:5)
  2 orc warriors (D:8)
  3 sky beasts
  2 ice beasts (D:5)
  2 ogres (D:5)
  5 centaurs
  3 phantoms
  8 kobold brigands
  A bullfrog (D:7)
  Blork the orc (D:6)
  2 necrophages (D:6)
  A scorpion (D:6)
  3 wights (D:8)
  31 killer bees (D:8)
  4 hounds
  An orc priest (D:8)
  4 iguanas
  Ijyb (D:3)
  Natasha (thrice) (D:3)
  2 orc wizards
  10 adders
  3 river rats
  A shadow imp (D:6)
  2 white imps
  2 ufetubi
  3 worms
  4 dart slugs
  27 orcs
  4 bats
  4 endoplasms
  5 giant cockroaches
  6 goblins
  10 hobgoblins
  7 jackals
  4 quokkas
  6 ball pythons
  3 frilled lizards
  11 kobolds
  9 rats
210 creatures vanquished.

Vanquished Creatures (others)
  A fungus (D:8)
  5 plants (D:8)
6 creatures vanquished.

Grand Total: 216 creatures vanquished

Notes
Turn   | Place    | Note
-------+----------+-------------------------------------------
     0 | D:1      | Crownlay the Troll Fighter began the quest for the Orb.
     0 | D:1      | Reached XP level 1. HP: 22/22 MP: 0/0
   480 | D:1      | Reached XP level 2. HP: 29/29 MP: 1/1
  1019 | D:2      | Reached XP level 3. HP: 36/36 MP: 2/2
  1142 | D:2      | Reached skill level 3 in Unarmed Combat
  1739 | D:3      | Found an ancient bone altar of Kikubaaqudgha.
  1763 | D:3      | Noticed Sigmund
  1772 | D:3      | Killed Sigmund
  1773 | D:3      | Reached skill level 4 in Unarmed Combat
  1773 | D:3      | Reached XP level 4. HP: 28/45 MP: 3/3
  1773 | D:3      | Reached XP level 5. HP: 34/53 MP: 4/4
  1811 | D:3      | Noticed Natasha
  1819 | D:3      | Killed Natasha
  1973 | D:3      | Noticed Natasha
  1975 | D:3      | Found Poipn's Vocational Training.
  1983 | D:3      | Killed Natasha
  1984 | D:3      | Reached XP level 6. HP: 51/61 MP: 5/5
  2064 | D:3      | Noticed Natasha
  2070 | D:3      | Killed Natasha
  2462 | D:3      | Noticed Ijyb
  2472 | D:3      | Killed Ijyb
  2879 | D:4      | Reached skill level 5 in Unarmed Combat
  2918 | D:4      | Noticed a sky beast
  2948 | D:4      | Killed a sky beast
  2949 | D:4      | Reached XP level 7. HP: 42/68 MP: 6/6
  3042 | D:4      | Found a sparkling altar of Nemelex Xobeh.
  3197 | D:4      | Found a glowing drain.
  3215 | Sewer    | Entered a sewer
  3383 | Sewer    | Reached skill level 6 in Unarmed Combat
  3604 | D:4      | Found a burning altar of Makhleb.
  3922 | D:5      | Entered Level 5 of the Dungeon
  3951 | D:5      | Found a staircase to the Ecumenical Temple.
  3986 | Temple   | Entered the Ecumenical Temple
  4031 | D:5      | Reached skill level 5 in Shields
  4031 | D:5      | Reached XP level 8. HP: 79/79 MP: 7/7
  4037 | D:5      | Reached skill level 7 in Unarmed Combat
  4082 | D:5      | Found a glowing golden altar of the Shining One.
  4092 | D:5      | Found a hide-covered altar of Uskayaw.
  4341 | D:5      | Reached skill level 5 in Fighting
  4527 | D:5      | You fall into a shaft and drop 3 floors!
  4576 | D:8      | Reached skill level 8 in Unarmed Combat
  4727 | D:8      | Reached XP level 9. HP: 63/88 MP: 8/8
  4814 | D:8      | Found a runed translucent door.
  4816 | D:8      | Noticed gabibbone's ghost (journeyman OpVM)
  4822 | D:8      | Identified the +6 spear "Qydoo" {freeze, Fly rCorr Int+3
                  | SInv}
  4826 | D:8      | Noticed a polar bear
  4865 | D:8      | Reached skill level 9 in Unarmed Combat
  4969 | D:8      | Found a staircase to the Lair.
  5226 | D:6      | Noticed a troll
  5235 | D:6      | Killed a troll
  5304 | D:6      | Noticed Blork the orc
  5307 | D:6      | Killed Blork the orc
  5312 | D:6      | Reached skill level 10 in Unarmed Combat
  5325 | D:6      | Found a radiant altar of Vehumet.
  5663 | D:5      | Found a snail-covered altar of Cheibriados.
  6426 | D:7      | Reached XP level 10. HP: 96/100 MP: 9/9
  7044 | D:8      | Reached skill level 11 in Unarmed Combat
  7534 | D:8      | Identified the ring "Ycuthretu" {*Corrode rPois rN+ AC+4
                  | Int+3}
  7534 | D:8      | Noticed an elephant
  7676 | D:9      | Noticed a sixfirhy
  7689 | D:9      | HP: 5/102 [kobold brigand/+0 whip (3)]
  7689 | D:9      | Slain by a sixfirhy

Illustrated notes

Levels and vault maps discovered:
D:1:      dpeg_arrival_round_a, layout_loops_ring, dreamdust_mushroom_princess
D:2:      layout_loops_corners, minmay_fractal_squares_gapless_5
D:3:      layout_loops_corners, mainiacjoe_overflow_brackets,
          kennysheep_small_spiral, kennysheep_pointless_box,
          grunt_ministairs_11, nicolae_shop_vocational, uniq_sigmund, uniq_ijyb,
          uniq_natasha
D:4:      minmay_chambers_of_fours, layout_loops_ring,
          mainiacjoe_overflow_concentric_impassable,
          nemelex_diamond_rough_becter, gup_sewer_entry_bubbles
D:5:      layout_basic, lemuel_coloured_pillars_altar,
          amethyst_overflow_temple_binary, temple_pool_b
D:6:      layout_basic, vehumet_statue, dreamdust_princess_corridor,
          uniq_blork_the_orc
D:7:      layout_loops_cross
D:8:      wad_woods_minihive, layout_basic, ebering_ghost_funeral_grove
D:9:      layout_roguey [special_room_kobold], mainiacjoe_overflow_alcove_2,
          zin_academy, okawaru_gym_becter, serial_curves, eino_curves_03,
          eino_curves_01, enter_bailey_7, minmay_misc_feat_alley, minivault_8
Temple:   nicolae_temple_ecumenical_triangle

Skill      XL: |  1  2  3  4  5  6  7  8  9 10 |
---------------+-------------------------------+-----
Shields        | 3 4 5 6 7 |  7.7
Unarmed Combat | 4 5 6 8 10 11 | 11.3
Fighting       | 3 4 5 6 7 |  7.0
Dodging        | |  2.4

Action                     |  1- 3 |  4- 6 |  7- 9 | 10-12 || total
---------------------------+-------+-------+-------+-------++-------
  Melee: Unarmed           |    87 |   118 |   351 |   135 ||   691
    Use: Scroll            |     1 |     5 |     4 |       ||    10
         Potion            |     1 |       |       |       ||     1
   Stab: Sleeping          |       |     1 |       |       ||     1
 Armour: Robe              |    22 |    49 |   102 |    63 ||   236
  Dodge: Dodged            |    20 |    51 |   107 |    62 ||   240
  Block: Kite shield       |    30 |    46 |   137 |    78 ||   291

Table legend: (Time is in decaauts)
 A = Elapsed time spent in this place.
 B = Non-inter-level travel time spent in this place.
 C = Inter-level travel time spent in this place.
 D = Time resting spent in this place.
 E = Time spent auto-exploring this place.
 F = Levels seen in this place.
 G = Mean time per level.
                   A        B        C        D        E       F      G
               +--------+--------+--------+--------+--------+-----+--------+
         Total |   7686 |   7340 |    346 |      0 |   5488 |  11 |  698.7 |
       Dungeon |   7364 |   7018 |    346 |      0 |   5291 |   9 |  818.2 |
        Temple |     28 |     28 |      0 |      0 |     18 |   1 |   28.0 |
         Sewer |    292 |    292 |      0 |      0 |    179 |   1 |  292.0 |
               +--------+--------+--------+--------+--------+-----+--------+

Top non-repeatable levels by time:
     D:8: 1358 daAuts
     D:3: 1040 daAuts
     D:4: 923 daAuts
     D:2: 883 daAuts
     D:5: 879 daAuts
     D:1: 804 daAuts
     D:6: 729 daAuts
     D:7: 678 daAuts
   Sewer: 292 daAuts
     D:9: 67 daAuts
  Temple: 28 daAuts
